 Dungeon Crawl Stone Soup version 0.28.0-45-g0d030f2227 (webtiles) character file.

Game seed: 12225778752346656300

308 pkoi the Insei (level 5, -4/46 HPs)
             Began as a Demigod Fighter on Apr 7, 2022.
             Slain by a wyvern zombie (6 damage)
             ... on level 4 of the Dungeon.
             The game lasted 00:04:24 (4664 turns).

pkoi the Insei (Demigod Fighter)                    Turns: 4664, Time: 00:04:24

Health: -4/46      AC: 13    Str: 17    XL:     5   Next: 94%
Magic:  7/7        EV:  4    Int: 10    God:
Gold:   139        SH:  5    Dex: 17    Spells: 4/4 levels left

rFire   . . .      SeeInvis .     - Unarmed
rCold   . . .      Faith    .   b - +0 buckler
rNeg    . . .      Spirit   .   m - +0 plate armour
rPois   .          Reflect  .   g - +0 helmet
rElec   .          Harm     .   (no cloak)
rCorr   +          Rampage  .   (no gloves)
Will    .....                   l - +0 pair of boots
Stlth   ..........              (no amulet)
HPRegen 0.15/turn               f - ring of resist corrosion
MPRegen 0.10/turn               (no ring)

@: no status effects
A: high MP 1, forlorn, divine attributes
a: no special abilities


You were on level 4 of the Dungeon.
You visited 1 branch of the dungeon, and saw 4 of its levels.

You collected 139 gold pieces.

Inventory:

Hand Weapons
 j - a +0 dagger
 k - a +0 war axe
Missiles
 d - 2 boomerangs (quivered)
 i - 10 poisoned darts
Armour
 a - a +0 scale mail
 b - a +0 buckler (worn)
 g - a +0 helmet (worn)
 l - a +0 pair of boots (worn)
 m - a +0 plate armour (worn)
Jewellery
 f - a ring of resist corrosion (left hand)
Potions
 c - 2 potions of might
 e - a potion of heal wounds {unknown}
 h - a potion of berserk rage {unknown}
 n - 2 potions of curing


   Skills:
 + Level 3.8 Fighting
 - Level 3.0 Armour
 + Level 3.8 Shields
 * Level 4.2 Unarmed Combat


You had 4 spell levels left.
You didn't know any spells.
Your spell library contained the following spells:

 Spells                   Type           Power      Damage    Failure   Level
 Sandblast                Erth           0%         2d4       100%        1
 Passwall                 Tmut/Erth      0%         N/A       100%        2
 Stone Arrow              Conj/Erth      0%         3d7       100%        3


Dungeon Overview and Level Annotations

Branches:
Dungeon (4/15)
 Temple: D:4-7

Shops:
D:2 ?(

Annotations:
D:3 Natasha


Innate Abilities, Weirdness & Mutations

You have an increased reservoir of magic. (+10% MP)
You shall have no god before yourself.
Your divine heritage dramatically boosts your attributes as you level up.


Message History

You barely miss the wyvern zombie.
The wyvern zombie is heavily damaged.
The wyvern zombie bites you.
* * * LOW HITPOINT WARNING * * *
The wyvern zombie bites you but does no damage.
You barely miss the wyvern zombie.
The wyvern zombie is heavily damaged.
The wyvern zombie barely misses you.
You hit the wyvern zombie but do no damage.
The wyvern zombie is heavily damaged.
The wyvern zombie barely misses you.
You barely miss the wyvern zombie.
The wyvern zombie is heavily damaged.
The wyvern zombie bites you but does no damage.
You hit the wyvern zombie.
The wyvern zombie is heavily damaged.
The wyvern zombie bites you but does no damage. x2
You hit the wyvern zombie but do no damage.
The wyvern zombie is heavily damaged.
You block the wyvern zombie's attack.
You hit the wyvern zombie.
The wyvern zombie is heavily damaged.
The wyvern zombie bites you.
* * * LOW HITPOINT WARNING * * *
You punch the wyvern zombie!
The wyvern zombie is severely damaged.
The wyvern zombie bites you but does no damage.
You hit the wyvern zombie.
The wyvern zombie is severely damaged.
The wyvern zombie bites you!
* * * LOW HITPOINT WARNING * * *
You block the wyvern zombie's attack.
You hit the wyvern zombie.
The wyvern zombie is severely damaged.
The wyvern zombie bites you.
* * * LOW HITPOINT WARNING * * *
You hit the wyvern zombie.
The wyvern zombie is almost destroyed.
The wyvern zombie bites you.
You die...

#..### #....#
###+###.#.###
........^...#
............#
............#
............#
#####+#'#####
#.#.Z@..#
####[..###.#
#..........#
......#...####
......#...#
..... #...#
..... #...#
.... .....
.... ....n..


You could see a wyvern zombie.

Vanquished Creatures
  A necrophage (D:4)
  A howler monkey (D:4)
  A jelly (D:3)
  Jessica (D:3)
  An iguana (D:4)
  Natasha (D:3)
  A worm (D:2)
  2 dart slugs (D:1)
  5 bats
  7 endoplasms
  A giant cockroach (D:1)
  4 goblins
  7 hobgoblins
  8 jackals
  6 quokkas
  10 ball pythons
  4 frilled lizards
  5 kobolds
  6 rats
72 creatures vanquished.

Notes
Turn   | Place    | Note
-------+----------+-------------------------------------------
     0 | D:1      | pkoi the Demigod Fighter began the quest for the Orb.
     0 | D:1      | Reached XP level 1. HP: 18/18 MP: 3/3
    90 | D:1      | Reached skill level 2 in Unarmed Combat
   788 | D:1      | Reached XP level 2. HP: 25/25 MP: 4/4
  1873 | D:1      | Reached XP level 3. HP: 24/31 MP: 5/5
  2398 | D:2      | Found Zyfiaf's Weapon Shop.
  2639 | D:2      | Reached skill level 3 in Unarmed Combat
  2828 | D:2      | Found Huemnox's Magic Scroll Shoppe.
  3233 | D:3      | Noticed Jessica
  3258 | D:3      | Killed Jessica
  3259 | D:3      | Reached XP level 4. HP: 5/38 MP: 6/6
  3535 | D:3      | Noticed an ice beast
  3628 | D:3      | Noticed Natasha
  3638 | D:3      | Killed Natasha
  4050 | D:3      | Noticed Natasha
  4247 | D:4      | Reached XP level 5. HP: 10/45 MP: 7/7
  4600 | D:4      | Noticed a necrophage
  4636 | D:4      | Killed a necrophage
  4637 | D:4      | Reached skill level 4 in Unarmed Combat
  4663 | D:4      | HP: 2/46 [wyvern zombie (5)]
  4664 | D:4      | Slain by a wyvern zombie

Illustrated notes

Levels and vault maps discovered:
D:1:      sevenhm_arrival_forest_fort_small_5, layout_loops_ring
D:2:      layout_basic, serial_shops, shop, nicolae_shop_crystal,
          grunt_ministairs_6, lemuel_old_faithful
D:3:      cheibrodos_helix_gallery, layout_basic,
          ebering_ecumenical_altar_sacrificial, serial_co_window_serial,
          co_window_paths_b, co_window_paths_a, co_window_corner_a,
          co_window_corner_a, co_window_of_opportunity_a, co_window_paths_b,
          co_window_paths_a, co_window_corner_a, co_window_corner_a,
          co_window_corner_b, co_window_corner_ca, co_window_corner_b,
          co_window_paths_c, co_window_of_opportunity_b, co_window_paths_d,
          glass_columns_a, glass_columns_b, glass_columns_a, glass_columns_b,
          chequers_serial_rivers_micro_d, chequers_serial_rivers_small_b,
          corner_web_ring, uniq_jessica, uniq_natasha
D:4:      layout_basic, okawaru_gym_becter, ebering_ghost_sewer_d

Skill      XL: |  1  2  3  4  5 |
---------------+----------------+-----
Unarmed Combat | 2 3 4 |  4.2
Shields        | 3 |  3.8
Fighting       | 3 |  3.8
Armour         | 3 |  3.0

Action                   |  1- 3 |  4- 6 || total
-------------------------+-------+-------++-------
Melee: Unarmed           |   254 |   106 ||   360
  Use: Potion            |     4 |       ||     4
       Scroll            |     2 |       ||     2
Armor: Scale mail        |   103 |       ||   103
       Plate armour      |    18 |    94 ||   112
Dodge: Dodged            |    84 |    28 ||   112
Block: Buckler           |    54 |    32 ||    86
